 Dungeon Crawl Stone Soup version 0.23-a0-451-g1044d4c (webtiles) character file.

102 theanonym the Cudgeler (level 4, -11/35 HPs)
             Began as a Mummy Warper on Nov 22, 2018.
             Killed by divine providence
             ... invoked by an orc priest
              (16 damage)
             ... on level 3 of the Dungeon.
             The game lasted 00:04:03 (3904 turns).

theanonym the Cudgeler (Mummy Warper)               Turns: 3904, Time: 00:04:04

Health: -11/35     AC:  5    Str: 15    XL:     4   Next: 49%
Magic:  8/8        EV: 11    Int: 12    God:
Gold:   113        SH:  0    Dex: 11    Spells: 8/8 levels left

rFire    x . .     SeeInvis .   a - +0 flail
rCold    + . .     Gourm    .   (no shield)
rNeg     + + +     Faith    .   f - +0 ring mail
rPois    ∞         Spirit   .   (no helmet)
rElec    .         Reflect  .   (no cloak)
rCorr    .         Harm     .   (no gloves)
MR       .....                  (no boots)
Stlth    +.........             i - amulet of inaccuracy (curse)
HPRegen  0.11/turn              (no ring)
MPRegen  0.11/turn              (no ring)

@: no status effects
A: no food or potions, fire vulnerability, cold resistance 1, negative energy
resistance 3, torment resistance, unbreathing
a: no special abilities


Innate Abilities, Weirdness & Mutations

You do not eat or drink.
Your flesh is vulnerable to fire.
You are immune to poison.
Your flesh is cold resistant. (rC+)
You are immune to negative energy. (rN+++)
You are immune to unholy pain and torment.
You can survive without breathing.


   Skills:
 + Level 3.1 Fighting
 * Level 3.3 Maces & Flails
 - Level 0.7 Throwing
 - Level 0.7 Armour
 - Level 1.5 Dodging
 - Level 2.6 Spellcasting
   Level 2.4 Translocations


You had 8 spell levels left.
You didn't know any spells.
Your spell library contained the following spells:

 Spells                   Type           Power        Failure   Level  Hunger
 Blink                    Tloc           N/A          28%         2    N/A
 Shroud of Golubria       Chrm/Tloc      #.........   43%         2    N/A
 Gell's Gravitas          Tloc           #.........   50%         3    N/A
 Lesser Beckoning         Tloc           #.........   50%         3    N/A
 Teleport Other           Tloc           #.......     50%         3    N/A
 Passage of Golubria      Tloc           N/A          88%         4    N/A

Skill      XL: |  1  2  3  4 |
---------------+-------------+-----
Maces & Flails | 2 3 |  3.3
Fighting       | 3 |  3.1
Throwing       | |  0.7
Armour         | |  0.7
Dodging        | |  1.5
Spellcasting   | |  2.6
Translocations | |  2.4

Action                   |  1- 3 |  4- 6 || total
-------------------------+-------+-------++-------
Melee: Mace              |   127 |    18 ||   145
       Flail             |       |    58 ||    58
Throw: Tomahawk          |     5 |     1 ||     6
       Javelin           |     4 |       ||     4
  Use: Scroll            |     4 |       ||     4
Armor: Ring mail         |    60 |    34 ||    94
Dodge: Dodged            |    98 |    69 ||   167

Inventory:

Hand Weapons
 a - a +0 flail (weapon)
   (You took it off a gnoll on level 2 of the Dungeon)
 c - a +0 hand crossbow
   (You found it on level 2 of the Dungeon)
 e - a +0 mace of draining
   (You found it on level 2 of the Dungeon)
 h - a +0 mace
Missiles
 d - 5 tomahawks (quivered)
 g - 3 javelins
Armour
 b - a +0 leather armour
 f - a +0 ring mail (worn)
   (You found it on level 1 of the Dungeon)
Jewellery
 i - a cursed amulet of inaccuracy (around neck)
   (You found it on level 1 of the Dungeon)
Scrolls
 r - a scroll of identify
 t - 2 scrolls of teleportation {!r}


You were on level 3 of the Dungeon.
You were not hungry.

You visited 1 branch of the dungeon, and saw 3 of its levels.

You collected 113 gold pieces.

Dungeon Overview and Level Annotations

Branches:
Dungeon (3/15)

Altars:

#.......##..........
#..................
#.......o....#..#...
#....#####..........
#....# ###.#.##...
###.## #.#.# ## #.#
#.. # #o# ...# #@#
.#.. #.## . #.# #..#
.. .. ##.# #.# #.#
#.# #.# ###


You could see an orc priest.

Notes
Turn   | Place    | Note
-------+----------+-------------------------------------------
     0 | D:1      | theanonym the Mummy Warper began the quest for the Orb.
     0 | D:1      | Reached XP level 1. HP: 16/16 MP: 4/4
   281 | D:1      | HP: 8/16 [hobgoblin (2)]
   282 | D:1      | Reached skill level 2 in Maces & Flails
   766 | D:2      | Reached XP level 2. HP: 22/22 MP: 5/5
   872 | D:2      | HP: 10/22 [worm (6)]
   873 | D:2      | HP: 2/22 [worm (9)]
  1430 | D:2      | HP: 10/23 [adder (2)]
  1435 | D:2      | HP: 1/23 [adder (4)]
  1782 | D:2      | Reached XP level 3. HP: 21/28 MP: 7/7
  2032 | D:2      | HP: 12/28 [adder (4)]
  2043 | D:2      | HP: 5/28 [goblin/stone (3)]
  2478 | D:2      | HP: 12/28 [gnoll/+0 spear (5)]
  2483 | D:2      | Reached skill level 3 in Maces & Flails
  2716 | D:2      | Reached XP level 4. HP: 33/34 MP: 8/8
  2876 | D:2      | Reached skill level 3 in Fighting
  2893 | D:2      | HP: 13/35 [gnoll/+0 flail (6)]
  3223 | D:2      | HP: 15/35 [orc/+0 club (3)]
  3518 | D:2      | HP: 17/35 [frilled lizard (1)]
  3523 | D:2      | HP: 13/35 [frilled lizard (1)]
  3528 | D:2      | HP: 11/35 [kobold (2)]
  3536 | D:2      | HP: 8/35 [frilled lizard (1)]
  3541 | D:2      | HP: 2/35 [frilled lizard (2)]
  3582 | D:2      | HP: 6/35 [frilled lizard (1)]
  3893 | D:3      | HP: 14/35 [orc priest/divine providence (8)]
  3898 | D:3      | HP: 12/35 [orc priest (3)]
  3902 | D:3      | HP: 5/35 [orc priest (3)]
  3904 | D:3      | Killed from afar by an orc priest

Vanquished Creatures
  3 gnolls (D:2)
  3 adders (D:2)
  An ooze (D:2)
  A worm (D:2)
  3 dart slugs
  2 orcs
  2 giant cockroaches (D:2)
  3 goblins
  2 hobgoblins
  2 ball pythons
  4 bats
  2 frilled lizards (D:2)
  4 kobolds
  2 rats
34 creatures vanquished.

Table legend:
 A = Turns spent in this place as a percentage of turns spent in the entire game.
 B = Non-inter-level travel turns spent in this place as a percentage of non-inter-level travel turns spent in the entire game.
 C = Inter-level travel turns spent in this place as a percentage of turns spent in this place.
 D = Turns resting spent in this place as a percentage of non-inter-level travel turns spent in this place.
 E = Turns spent auto-exploring this place as a percentage of non-inter-level travel turns spent in this place.
 F = Non-inter-level travel turns spent in this place divided by the number of levels of this place that you've seen.
                   A       B       C       D       E      F
               +-------+-------+-------+-------+-------+----------------------
         Total | 100.0 | 100.0 |   7.2 |  54.5 |  34.0 | 1207.0
       Dungeon | 100.0 | 100.0 |   7.2 |  54.5 |  34.0 | 1207.0
               +-------+-------+-------+-------+-------+----------------------
